 Dungeon Crawl Stone Soup version 0.27.1-33-g824d729ab1 (webtiles) character file.

Game seed: 16061702079576108912

252 lordive the Digger (level 6, -1/34 HPs)
             Began as a Gargoyle Earth Elementalist on Dec 25, 2021.
             Slain by an orc priest (2 damage)
             ... on level 3 of the Dungeon.
             The game lasted 00:06:27 (3050 turns).

lordive the Digger (Gargoyle Earth Elementalist)    Turns: 3050, Time: 00:06:28

Health: -1/34      AC:  8    Str: 12    XL:     6   Next: 14%
Magic:  11/11      EV: 11    Int: 17    God:
Gold:   81         SH:  5    Dex: 10    Spells: 7/11 levels left

rFire    . . .     SeeInvis .   h - +0 club
rCold    . . .     Faith    .   (no shield)
rNeg     + . .     Spirit   .   j - +0 leather armour
rPois    ∞         Reflect  +   n - +0 helmet
rElec    +         Harm     .   (no cloak)
rCorr    .         Rampage  .   (no gloves)
Will     .....                  (no boots)
Stlth    ++........             f - amulet of reflection
HPRegen  0.11/turn              (no ring)
MPRegen  0.12/turn              (no ring)

@: no status effects
A: sickness immunity, AC +4, negative energy resistance 1, electricity
resistance, torment resistance 1, petrification resistance
a: no special abilities


You were on level 3 of the Dungeon.
You visited 1 branch of the dungeon, and saw 3 of its levels.

You collected 81 gold pieces.

Inventory:

Hand Weapons
 h - a +0 club (weapon)
 l - a +2 dagger of venom
Armour
 j - a +0 leather armour (worn)
 n - a +0 helmet (worn)
Jewellery
 f - an amulet of reflection (around neck)
Scrolls
 a - a scroll of amnesia {unknown}
 c - a scroll of identify {unknown}
 e - a scroll of noise {unknown}
 g - a scroll of fog {unknown}
Potions
 b - a potion of heal wounds {unknown}
 d - a potion of haste {unknown}
 i - a potion of curing {unknown}
 m - a potion of might {unknown}


   Skills:
 + Level 1.1 Fighting
 + Level 1.2 Maces & Flails
 + Level 2.3 Dodging
 + Level 2.5 Stealth
 + Level 1.0 Shields
 * Level 3.4 Spellcasting
 * Level 1.6 Conjurations
 + Level 0.7 Transmutations
 * Level 5.2 Earth Magic


You had 7 spell levels left.
You knew the following spells:

 Your Spells              Type           Power      Damage    Failure   Level
a - Sandblast             Erth           40%        2d10      2%          1
b - Stone Arrow           Conj/Erth      28%        3d8       16%         3

Your spell library contained the following spells:

 Spells                   Type           Power      Damage    Failure   Level
 Passwall                 Tmut/Erth      10%        N/A       10%         2
 Petrify                  Tmut/Erth      13%        N/A       54%         4


Dungeon Overview and Level Annotations

Branches:
Dungeon (3/15)

Altars:


Innate Abilities, Weirdness & Mutations

You are immune to sickness and miasma.
Your stone body is resilient. (AC +4)
You are immune to poison.
You resist negative energy. (rN+)
You are resistant to electric shocks. (rElec)
You are resistant to unholy torment.
You are immune to petrification.


Message History

Done exploring.
(D) Dungeon
Where to? (Enter - D:2 @ (x,y), ? - help)
What level of the Dungeon? (default 1, ? - help)
There is an open door here.
You open the door.
There is an open door here.
There is a stone staircase leading down here.
You climb downwards.
There is a stone staircase leading up here.
An orc priest comes into view. It is wielding a +2 vorpal war axe.
The orc priest shouts!
You hear a shout!
An orc priest is nearby!
An orc comes into view. It is wielding a +0 flail.
The orc shouts!
An orc comes into view. It is wielding a +0 dagger.
The orc priest calls down the wrath of Beogh upon you.
Beogh smites you!
The orc moves out of view.
The orc shouts!
You hear an angry hiss.
The orc priest calls down the wrath of Beogh upon you.
Beogh smites you!
An orc comes into view. It is wielding a +0 mace.
The orc shouts!
You hear a shout!
The orc priest invokes the aid of Beogh against you.
Pain shoots through your body!
* * * LOW HITPOINT WARNING * * *
Found a stone staircase leading down.
The orc priest hits you but does no damage.
Casting: Sandblast (safe; 2% risk of failure)
Confirm with . or Enter, or press ? or * to list all spells.
You don't have any stones to cast with.
Casting: Sandblast (safe; 2% risk of failure)
Confirm with . or Enter, or press ? or * to list all spells.
The spell is quite dangerous to cast (16% risk of failure)!
Continue anyway?
Okay, then.
You hit the orc priest.
The orc priest is lightly wounded.
The orc priest hits you with a +2 vorpal war axe!
* * * LOW HITPOINT WARNING * * *
You die...

..#....#.#..
.......#.#.#####.
.......#.#.......
.......#.#.......
P..P.....#......
...≈.≈Po.#.....
.♣≈♣≈≈≈.P..#####
≈≈≈≈o≈o@......<#
≈≈≈o♣≈P..♣..####
≈ ♣..♣.#.....
♣...###.#####
...♣. #.# ......
..# .... #. ####
...> #.


You could see an orc priest and 3 orcs.

Vanquished Creatures
  Sigmund (D:2)
  3 adders (D:2)
  2 worms (D:2)
  4 dart slugs
  An orc (D:2)
  7 ball pythons
  4 endoplasms
  2 giant cockroaches (D:1)
  10 goblins
  3 hobgoblins
  2 kobolds (D:2)
  3 quokkas (D:1)
  4 bats
  2 frilled lizards
  5 rats
53 creatures vanquished.

Notes
Turn   | Place    | Note
-------+----------+-------------------------------------------
     0 | D:1      | lordive the Gargoyle Earth Elementalist began the quest for
                  | the Orb.
     0 | D:1      | Reached XP level 1. HP: 10/10 MP: 3/3
   203 | D:1      | Reached skill level 4 in Earth Magic
   361 | D:1      | Reached XP level 2. HP: 15/15 MP: 3/5
   704 | D:1      | Found a faded altar of an unknown god.
   710 | D:1      | Reached XP level 3. HP: 11/19 MP: 1/6
  1295 | D:2      | Learned a level 3 spell: Stone Arrow
  1531 | D:2      | Reached XP level 4. HP: 17/24 MP: 8/8
  1721 | D:2      | Noticed Sigmund
  2461 | D:2      | HP: 1/24 [adder (2)]
  2912 | D:2      | Killed Sigmund
  2913 | D:2      | Reached skill level 1 in Fighting
  2913 | D:2      | Reached skill level 1 in Maces & Flails
  2913 | D:2      | Reached skill level 1 in Shields
  2913 | D:2      | Reached skill level 1 in Conjurations
  2913 | D:2      | Reached skill level 5 in Earth Magic
  2913 | D:2      | Reached XP level 5. HP: 29/29 MP: 5/10
  2913 | D:2      | Reached XP level 6. HP: 34/34 MP: 5/11
  3050 | D:3      | HP: 1/34 [orc priest (9)]
  3050 | D:3      | Slain by an orc priest

Illustrated notes

Levels and vault maps discovered:
D:1:      minmay_arrival_split_and_join, layout_basic,
          hellmonk_ecumenical_altar_zigzags
D:2:      layout_loops_corners, serial_glass, glass_columns_a, glass_columns_a,
          serial_park_tiny_pond, minmay_pentomino_v2, uniq_sigmund
D:3:      layout_basic, serial_bayou, serial_bayou_pond_a,
          serial_bayou_lagoon_b, serial_bayou_pond_e, serial_bayou_shore_a

Skill      XL: |  1  2  3  4 |
---------------+-------------+-----
Earth Magic    | 4 5 |  5.2
Spellcasting   | 3 |  3.4
Dodging        | 2 |  2.3
Fighting       | 1 |  1.1
Maces & Flails | 1 |  1.2
Shields        | 1 |  1.0
Conjurations   | 1 |  1.6
Stealth        | |  2.5
Transmutations | |  0.7

Action                   |  1- 3 |  4- 6 || total
-------------------------+-------+-------++-------
Melee: Club              |    37 |    98 ||   135
       Dagger            |       |     5 ||     5
 Cast: Sandblast         |    46 |     4 ||    50
Armor: Robe              |    25 |    40 ||    65
       Leather armour    |       |     1 ||     1
Dodge: Dodged            |    41 |    66 ||   107
Block: Other             |     9 |    35 ||    44
       Reflection        |     2 |       ||     2
